 Seeded DCSS version 0.28-a0-1206-g193881aaa2 (webtiles) character file.

Game seed: 20211220 (custom seed)

198 flotson the Ducker (level 5, -2/38 (41) HPs)
             Began as a Demonspawn Gladiator on Dec 20, 2021.
             Slain by a white imp (3 damage)
             ... on level 4 of the Dungeon.
             The game lasted 00:02:45 (2624 turns).

flotson the Ducker (Demonspawn Gladiator)           Turns: 2624, Time: 00:02:46

HP:   -2/38 (41)    AC:  4    Str: 16    XL:     5   Next: 47%
MP:   5/5           EV: 12    Int: 11    God:
Gold: 37            SH:  4    Dex: 15    Spells: 4/4 levels left

rFire   . . .      SeeInvis .   a - +0 war axe
rCold   . . .      Faith    .   l - +0 buckler
rNeg    . . .      Spirit   .   b - +0 leather armour
rPois   .          Reflect  .   c - +0 helmet
rElec   .          Harm     .   (no cloak)
rCorr   .          Rampage  .   (no gloves)
Will    .....                   (no boots)
Stlth   +.........              (no amulet)
HPRegen 0.12/turn               (no ring)
MPRegen 0.09/turn               (no ring)

@: drained
A: hooves 1, big brain 1
a: no special abilities


You were on level 4 of the Dungeon.
You visited 1 branch of the dungeon, and saw 6 of its levels.

You collected 37 gold pieces.

Inventory:

Hand Weapons
 a - a +0 war axe (weapon)
Missiles
 d - 3 throwing nets (quivered)
 n - 2 boomerangs of dispersal
 o - 2 boomerangs
Armour
 b - a +0 leather armour (worn)
 c - a +0 helmet (worn)
 l - a +0 buckler (worn)
Jewellery
 j - a +6 ring of strength
Scrolls
 e - a scroll of amnesia {unknown}
 f - 4 scrolls of identify {unknown}
 i - a scroll of enchant armour {unknown}
Potions
 g - 4 potions of heal wounds {unknown}
 h - a potion of haste {unknown}
 k - a potion of might {unknown}
 m - a potion of curing {unknown}
 p - a potion of berserk rage {unknown}


   Skills:
 + Level 3.1 Fighting
 - Level 2.6 Axes
 + Level 2.8 Throwing
 + Level 2.0 Armour
 + Level 3.6 Dodging
 + Level 1.1 Shields


You had 4 spell levels left.
You didn't know any spells.
Your spell library contained the following spells:

 Spells                   Type           Power      Damage    Failure   Level
 Blink                    Tloc           0%         N/A       67%         2
 Gell's Gravitas          Tloc           0%         N/A       88%         3
 Lesser Beckoning         Tloc           0%         N/A       88%         3
 Teleport Other           Tloc           0%         N/A       88%         3
 Manifold Assault         Tloc           0%         N/A       100%        5


Dungeon Overview and Level Annotations

Branches:
Dungeon (6/15)
 Temple: D:4-7

Altars:
Trog


Innate Abilities, Weirdness & Mutations

You have large cloven feet.
You have an unusually large brain. (Int +2)


Message History

You barely miss the orc. Your kick misses the orc.
The orc is lightly wounded.
You completely miss the necrophage. You hit the white imp.
The necrophage hits you. The orc barely misses you.
You block the white imp's attack. The necrophage hits you.
You feel drained. The white imp gestures at you. The puff of frost hits you.
The orc closely misses you.
You are too injured to fight recklessly!
You are too injured to fight recklessly!
Unknown command.
You are too injured to fight recklessly!
Unknown command.
You hit the white imp but do no damage.
The white imp is heavily wounded.
You slash the orc!
You kill the orc!
You hit the necrophage. The necrophage barely misses you.
The white imp hits you. The white imp freezes you.
Unknown command.
You hit the white imp but do no damage.
The white imp is heavily wounded.
You hit the necrophage but do no damage.
The necrophage barely misses you. You block the white imp's attack.
Unknown command.
You hit the white imp.
The white imp is severely wounded.
You hit the necrophage. The necrophage closely misses you.
The white imp hits you. The white imp freezes you.
* * * LOW HITPOINT WARNING * * *
The necrophage hits you.
* * * LOW HITPOINT WARNING * * *
You block the white imp's attack.
You hit the white imp but do no damage.
You kick the white imp, but do no damage.
The white imp is heavily wounded.
You barely miss the necrophage. You block the necrophage's attack.
The white imp hits you.
* * * LOW HITPOINT WARNING * * *
The white imp freezes you.
You die...

#........# ###.PP..P..
#........## #...P..PP..
#.........#####..PP..PP..
###.........))..#..P..PP...
#..........####....P..PP._.
........##.# ##...P..P ..
.........#.# ##..PP..P ..
.........#n######...PP..P
.........#@)....##..PP..P
.........##5.........P ..
.........# ........Z.P
....n..... ..........PP
........## ....... .......
....... ....... >......
....... .......


You could see a necrophage and a white imp.

Vanquished Creatures
  A water moccasin skeleton (D:3)
  An orc priest (D:3)
  A gnoll (D:1)
  4 adders
  3 dart slugs
  8 orcs
  4 bats
  7 endoplasms
  4 goblins
  4 hobgoblins
  4 jackals (D:3)
  5 kobolds
  4 quokkas
  3 ball pythons (D:2)
  A frilled lizard (D:1)
  6 rats
60 creatures vanquished.

Vanquished Creatures (others)
  3 plants (D:1)
3 creatures vanquished.

Grand Total: 63 creatures vanquished

Notes
Turn   | Place    | Note
-------+----------+-------------------------------------------
     0 | D:1      | flotson the Demonspawn Gladiator began the quest for the
                  | Orb.
     0 | D:1      | Reached XP level 1. HP: 16/16 MP: 1/1
   123 | D:1      | Gained mutation: You have large cloven feet. [demonic
                  | ancestry]
   123 | D:1      | Reached XP level 2. HP: 17/22 MP: 2/2
   334 | D:1      | Reached skill level 1 in Armour
   587 | D:1      | Reached XP level 3. HP: 25/28 MP: 3/3
   845 | D:1      | Found a faded altar of an unknown god.
  1286 | D:2      | Gained mutation: You have an unusually large brain. (Int
                  | +2) [demonic ancestry]
  1286 | D:2      | Reached XP level 4. HP: 7/34 MP: 4/4
  2061 | D:3      | Reached XP level 5. HP: 36/41 MP: 5/5
  2294 | D:3      | Reached skill level 1 in Shields
  2484 | D:3      | You fall into a shaft and drop 3 floors!
  2504 | D:5      | Entered Level 5 of the Dungeon
  2546 | D:4      | Found a bloodstained altar of Trog.
  2604 | D:4      | Noticed a necrophage
  2624 | D:4      | HP: 1/38 [white imp (3)]
  2624 | D:4      | Slain by a white imp

Illustrated notes

Levels and vault maps discovered:
D:1:      lightli_arrival_flooded_house, layout_basic,
          chequers_ecumenical_altar_simple_redux, nicolae_grassy_gnolls
D:2:      layout_basic, minmay_misc_feat_chi
D:3:      layout_basic
D:4:      layout_rooms, mainiacjoe_overflow_catch_the_wave, minmay_shop_damaged,
          corexii_checkpoint_a
D:5:      minmay_angry_zag, layout_rooms, cheibrodos_worm_habitat
D:6:      layout_basic, fedhas_altar_3, minmay_manual_mullet

Skill      XL: |  1  2  3  4  5 |
---------------+----------------+-----
Throwing       | 2 |  2.8
Armour         | 1 2 |  2.0
Dodging        | 3 |  3.6
Fighting       | 3 |  3.1
Shields        | 1 |  1.1
Axes           | |  2.6

Action                   |  1- 3 |  4- 6 || total
-------------------------+-------+-------++-------
Melee: War axe           |    63 |    75 ||   138
       Kick              |    16 |    11 ||    27
 Stab: Sleeping          |     1 |       ||     1
Armor: Leather armour    |    14 |    24 ||    38
Dodge: Dodged            |    48 |    48 ||    96
Block: Buckler           |       |    15 ||    15

Table legend: (Time is in decaauts)
 A = Elapsed time spent in this place.
 B = Non-inter-level travel time spent in this place.
 C = Inter-level travel time spent in this place.
 D = Time resting spent in this place.
 E = Time spent auto-exploring this place.
 F = Levels seen in this place.
 G = Mean time per level.
                   A        B        C        D        E       F      G
               +--------+--------+--------+--------+--------+-----+--------+
         Total |   2679 |   2589 |     90 |      0 |   2180 |   6 |  446.5 |
       Dungeon |   2679 |   2589 |     90 |      0 |   2180 |   6 |  446.5 |
               +--------+--------+--------+--------+--------+-----+--------+

Top non-repeatable levels by time:
     D:2: 1009 daAuts
     D:1: 890 daAuts
     D:3: 630 daAuts
     D:4: 124 daAuts
     D:6: 20 daAuts
     D:5: 2 daAuts
